 Dungeon Crawl Stone Soup version 0.27-a0-965-gbf8bb431c4 (webtiles) character file.

Game seed: 3300664290011483396

19 leviel the Covered (level 2, -6/27 HPs)
             Began as a Minotaur Fighter on Apr 12, 2021.
             Splashed by a jelly's acid (9 damage)
             ... on level 1 of the Dungeon.
             The game lasted 00:00:17 (96 turns).

leviel the Covered (Minotaur Fighter)                 Turns: 96, Time: 00:00:18

Health: -6/27      AC:  3    Str: 20    XL:     2   Next: 55%
Magic:  1/1        EV:  7    Int:  5    God:
Gold:   0          SH:  9    Dex:  9    Spells: 1/1 levels left

rFire    . . .     SeeInvis .   a - +0 war axe
rCold    . . .     Faith    .   c - +0 kite shield
rNeg     . . .     Spirit   .   b - +0 scale mail
rPois    .         Reflect  .   (helmet restricted)
rElec    .         Harm     .   (no cloak)
rCorr    .         Rampage  .   (no gloves)
Will     .....                  (no boots)
Stlth    ..........             (no amulet)
HPRegen  0.09/turn              (no ring)
MPRegen  0.07/turn              (no ring)

@: mighty, corroded
A: horns 2, retaliatory headbutt
a: no special abilities


You were on level 1 of the Dungeon.
You visited 1 branch of the dungeon, and saw 1 of its levels.

Inventory:

Hand Weapons
 a - a +0 war axe (weapon)
Armour
 b - a +0 scale mail (worn)
 c - a +0 kite shield (worn)


   Skills:
 + Level 3.9 Fighting
 + Level 2.9 Axes
 + Level 4.0 Armour
 + Level 3.8 Shields


You had one spell level left.
You didn't know any spells.
Your spell library was empty.

Dungeon Overview and Level Annotations

Branches:
Dungeon (1/15)

Altars:


Innate Abilities, Weirdness & Mutations

You have a pair of horns on your head.
You reflexively headbutt those who attack you in melee.


Message History

You closely miss the jackal. Your headbutt misses the jackal.
The jackal is severely wounded.
The jackal bites you.
* * * LOW HITPOINT WARNING * * *
You block the jackal's attack.
The jackal bites you but does no damage.
You hit the jackal but do no damage.
The jackal is severely wounded.
The jackal bites you but does no damage.
The jackal bites you.
* * * LOW HITPOINT WARNING * * *
You barely miss the jackal. Your headbutt misses the jackal.
The jackal is severely wounded.
The jackal closely misses you.
The giant cockroach waves its antennae.
You block the jackal's attack.
You completely miss the jackal.
The jackal is severely wounded.
The jackal closely misses you.
The endoplasm jiggles.
You block the jackal's attack.
You hit the jackal.
You kill the jackal!
The giant cockroach bites you but does no damage.
Your Armour skill increases to level 4!
You feel very mighty all of a sudden. The giant cockroach closely misses you.
You furiously retaliate!
You headbutt the giant cockroach!
You kill the giant cockroach!
Your scale mail prevents you from hitting the endoplasm.
Your shield and scale mail prevent you from hitting the jelly.
The jelly is moderately wounded.
The jelly hits you but does no damage. You block the jelly's attack.
You slash the jelly!
Your hands burn!
* * * LOW HITPOINT WARNING * * *
The jelly is severely wounded.
The jelly hits you.
* * * LOW HITPOINT WARNING * * *
The acid corrodes you!
You are splashed with acid!
You die...

#.#####......
..###............
..........)......
.............#
###+#######'###.#
#..⌠...>...⌠..#
#......<......#
+⌠....###....⌠+
#......@......#
#######J#######
#....JrJwJB...#
#.....rBJJ....#
#......h......#
###############


You could see a worm, a jelly, 5 endoplasms, a jackal, 2 giant cockroaches and 2
rats.

Vanquished Creatures
  A gnoll (D:1)
  A worm (D:1)
  2 bats (D:1)
  A giant cockroach (D:1)
  A jackal (D:1)
  A rat (D:1)
7 creatures vanquished.

Notes
Turn   | Place    | Note
-------+----------+-------------------------------------------
     0 | D:1      | leviel the Minotaur Fighter began the quest for the Orb.
     0 | D:1      | Reached XP level 1. HP: 19/19 MP: 0/0
     0 | D:1      | Noticed a jelly
     1 | D:1      | Found a runed translucent door.
    16 | D:1      | Reached XP level 2. HP: 21/27 MP: 1/1
    93 | D:1      | Reached skill level 4 in Armour
    96 | D:1      | Splashed by a jelly's acid

Illustrated notes

Levels and vault maps discovered:
D:1:      dpeg_arrival_caged_fury, layout_basic

Skill      XL: |  1  2 |
---------------+-------+-----
Armour         | 4 |  4.0
Fighting       | |  3.9
Axes           | |  2.9
Shields        | |  3.8

Action                   || total
-------------------------++-------
Melee: War axe           ||    18
       Headbutt          ||     1
  Use: Potion            ||     1
Armor: Scale mail        ||    15
Dodge: Dodged            ||     8
Block: Kite shield       ||    19

Table legend: (Time is in decaauts)
 A = Elapsed time spent in this place.
 B = Non-inter-level travel time spent in this place.
 C = Inter-level travel time spent in this place.
 D = Time resting spent in this place.
 E = Time spent auto-exploring this place.
 F = Levels seen in this place.
 G = Mean time per level.
                   A        B        C        D        E       F      G
               +--------+--------+--------+--------+--------+-----+--------+
         Total |    106 |    106 |      0 |     56 |      9 |   1 |  106.0 |
       Dungeon |    106 |    106 |      0 |     56 |      9 |   1 |  106.0 |
               +--------+--------+--------+--------+--------+-----+--------+

Top non-repeatable levels by time:
     D:1: 106 daAuts
